 Dungeon Sprint DCSS version 0.30.0-29-ga12c61a403 (webtiles) character file.

Game seed: 13665016546676541142

54 McKennaii the Destroyer (level 5, -13/39 HPs)
             Began as a Demigod Conjurer on June 13, 2023.
             Mangled by an ice devil (21 damage)
             ... in the Dungeon (Sprint VI: "Thunderdome").
             The game lasted 00:04:48 (333 turns).

McKennaii the Destroyer (Demigod Conjurer)           Turns: 333, Time: 00:04:48

Health: -13/39     AC:  2    Str:  8    XL:     5   Next: 69%
Magic:  9/13       EV: 12    Int: 24    God:
Gold:   190        SH:  5    Dex: 12    Spells: 4/11 levels left

rFire   . . .        (no weapon)
rCold   . . .        (no shield)
rNeg    + + .        a - +0 robe
rPois   .            (no helmet)
rElec   .            (no cloak)
rCorr   .            (no gloves)
SInv    .            (no boots)
Will    +....        n - amulet of the Evening {Reflect rN++ SH+5 Stlth-}
Stlth   +            m - ring "Johuwa" {Wiz Will+}
HPRegen 0.26/turn    (no ring)
MPRegen 0.13/turn

%: no teleportation, reflection, wizardry (x1)
@: no status effects
A: high MP 1, forlorn, divine attributes
a: no special abilities


You were in the Dungeon.
You visited 1 branch You collected 280 gold pieces.
You spent 90 gold pieces at shops.

Inventory:

Hand Weapons
 l - a +0 flail of holy wrath
Armour
 a - a +0 robe (worn)
Jewellery
 m - the ring "Johuwa" (left hand) {Wiz Will+}
   (You bought it in a shop in the Dungeon)

   [ring of wizardry]

   It improves your spell success rate.
   Will:      It increases your willpower.
 n - the amulet of the Evening (around neck) {Reflect rN++ SH+5 Stlth-}
   (You bought it in a shop in the Dungeon)

   [amulet of reflection]

   It reflects blocked missile attacks.
   rN:        It greatly protects you from negative energy.
   SH:        It affects your SH (+5).
   Stlth:     It makes you less stealthy.
Wands
 h - a wand of light (2)
 i - a wand of roots (1)
Scrolls
 g - 4 scrolls of blinking
 j - 3 scrolls of fog
Potions
 b - 3 potions of magic
 c - a potion of curing
 d - 2 potions of heal wounds
 e - 4 potions of haste
 f - a potion of berserk rage
 k - a potion of resistance


   Skills:
 + Level 0.4 Fighting
 - Level 1.7 Dodging
 - Level 1.7 Stealth
 + Level 0.6 Shields
 + Level 3.8 Spellcasting
 + Level 11.1 Conjurations
 + Level 2.0 Evocations


You had 4 spell levels left.
You knew the following spells:

 Your Spells              Type           Power      Damage    Failure   Level
a - Magic Dart            Conj           100%       1d8       1%          1
b - Searing Ray           Conj           100%       2d8       1%          2
c - Iskenderun's Mystic   Conj/Tloc      31%        2d8       4%          4

Your spell library contained the following spells:

 Spells                   Type           Power      Damage    Failure   Level
 Dazzling Flash           Conj/Hex       62%        N/A       1%          3
 Fulminant Prism          Conj/Hex       15%        3d11      4%          4


Dungeon Overview and Level Annotations

Branches:
Dungeon (1/1)

Shops:
D *[??*?*:[((!!!!


Innate Abilities, Weirdness & Mutations

You have an increased reservoir of magic. (+10% MP)
You shall have no god before yourself.
Your divine heritage dramatically boosts your attributes as you level up.


Message History

The hellwing swoops through the air toward you!
The hellwing barely misses you.
The hellwing hits you but does no damage.
The hellwing hits you. x2
* * * LOW HITPOINT WARNING * * *
Unknown command.
Unknown command.
Okay, then.
Unknown command.
Casting: Magic Dart (safe; 1% risk of failure)
Confirm with . or Enter, or press ? or * to list all spells.
The spell is quite dangerous to miscast (4% risk of failure)!
Continue anyway?
Okay, then.
Unknown command.
Unknown command.
You feel much better. The hellwing barely misses you.
The hellwing hits you but does no damage.
Unknown command.
Unknown command.
Unknown command.
Unknown command.
Unknown command.
A red devil comes into view. It is wielding a +0 trident.
A hellwing and a red devil come into view.
The red devil is wielding a +0 demon trident of freezing.
The hellwing gives a chilling moan.
The ice devil hits you! The ice devil freezes you!!
Ouch! That really hurt!
* * * LOW HITPOINT WARNING * * *
The orange demon stings you from afar.
* * * LOW HITPOINT WARNING * * *
You feel much better. The ice devil misses you.
The orange demon barely misses you.
Unknown command.
Unknown command.
The ice devil attacks as you move away! The ice devil hits you!
* * * LOW HITPOINT WARNING * * *
The ice devil freezes you!!
Ouch! That really hurt!
You die...

#⌠...........§#
######.8.4.....[.8.######
##._._......###......__.∩##
###∩........8.# #.8........∩#
##......[..4...###............
#⌠..........###...###.........
#⌠...[......# #.<.# #......†..
#⌠..........###...###.........
##.......4...@.###...[........
###∩.......48.# #.8........∩#
##∩___....44###4......__∩##
######.8.........8.######
#⌠...........⌠#
###.........### #_......._#
#_......._# #_......._#


You could see an orange demon, a hellwing, an ice devil and a red devil.

Vanquished Creatures
  A water moccasin (D)
  Blork the orc (D)
  An orc priest (D)
  An orc wizard (D)
  4 adders (D)
  2 orcs (D)
  A ball python (D)
11 creatures vanquished.

Notes
Turn   | Place    | Note
-------+----------+-------------------------------------------
     0 | D        | McKennaii the Demigod Conjurer began the quest for the Orb.
     0 | D        | Reached XP level 1. HP: 14/14 MP: 5/5
     4 | D        | Found Ciwk's Identification Station.
     5 | D        | Found Xupsuovogou's Jewellery.
     5 | D        | Found Winirgh's Advanced Armour.
     5 | D        | Round 1.
     7 | D        | Noticed an orc wizard
     8 | D        | Noticed Blork the orc
     8 | D        | Noticed an orc priest
    11 | D        | Killed an orc wizard
    12 | D        | Reached skill level 6 in Conjurations
    12 | D        | Reached XP level 2. HP: 10/20 MP: 2/7
    15 | D        | Killed Blork the orc
    16 | D        | Reached skill level 8 in Conjurations
    16 | D        | Reached XP level 3. HP: 15/26 MP: 2/10
    16 | D        | Reached XP level 4. HP: 19/33 MP: 2/11
    20 | D        | Reached skill level 9 in Conjurations
    20 | D        | Reached skill level 1 in Evocations
    28 | D        | Bought an ancient silver ring for 45 gold pieces
    28 | D        | Identified the ring "Johuwa" {Wiz Will+} (You bought it in
                  | a shop in the Dungeon)
    28 | D        | Bought a fine pewter amulet for 45 gold pieces
    28 | D        | Identified the amulet of the Evening {Reflect rN++ SH+5
                  | Stlth-} (You bought it in a shop in the Dungeon)
    40 | D        | Found Yfraolax's Premium Goods.
    40 | D        | Found Replaj's Miscellaneous Merchandise.
    41 | D        | Found Pabo's Basic Armour.
    43 | D        | Found Usur's Weapon Rack.
    60 | D        | Found Qagac's Do-It-Yourself Clinic.
    60 | D        | Found Ceda's Bottled Wisdom.
    61 | D        | Found Biosui's Distillery.
    66 | D        | Found Xieps's Distillery.
    79 | D        | Found Woelyuk's Staff Store.
    79 | D        | Found Usafynis's Must-Have Magic.
    80 | D        | Found Dishuefo's Magic Scroll Shop.
    82 | D        | Found Ryupeusa's Magic Scroll Shop.
   156 | D        | Arena points: 12 (+12) [x2]
   167 | D        | Learned a level 2 spell: Searing Ray
   172 | D        | Learned a level 4 spell: Iskenderun's Mystic Blast
   203 | D        | Round 2.
   244 | D        | Noticed a water moccasin
   259 | D        | Killed a water moccasin
   260 | D        | Reached skill level 11 in Conjurations
   260 | D        | Reached XP level 5. HP: 16/39 MP: 0/13
   263 | D        | Arena points: 54 (+42) [x3]
   269 | D        | HP: 1/39 [poisoned by an adder]
   310 | D        | Round 3.
   310 | D        | Noticed an orange demon
   311 | D        | Noticed an ice devil
   311 | D        | Noticed a hellwing
   328 | D        | Noticed a red devil
   329 | D        | Noticed a hellwing
   329 | D        | Noticed a red devil
   333 | D        | Mangled by an ice devil

Illustrated notes

Levels and vault maps discovered:
D:        arena_sprint

Skill      XL: |  1  2  3  4  5 |
---------------+----------------+-----
Spellcasting   | 2 3 |  3.8
Conjurations   | 6 8 11 | 11.1
Evocations     | 1 2 |  2.0
Fighting       | |  0.4
Dodging        | |  1.7
Stealth        | |  1.7
Shields        | |  0.6

Action                     |  1- 3 |  4- 6 || total
---------------------------+-------+-------++-------
  Melee: Unarmed           |       |     1 ||     1
   Cast: Magic Dart        |     3 |    11 ||    14
         Searing Ray       |       |     4 ||     4
  Evoke: Wand              |     4 |     3 ||     7
    Use: Potion            |       |     2 ||     2
 Armour: Robe              |       |     2 ||     2
  Dodge: Dodged            |       |     8 ||     8
  Block: Other             |       |     3 ||     3
